 Dungeon Crawl Stone Soup version 0.25.1-2-g60ff931df9 (webtiles) character file.

Game seed: 6399801595426204582

6141 marklar909 the Destroyer (level 10, -9/80 HPs)
             Began as a Grey Draconian Conjurer on Nov 6, 2020.
             Was a Believer of Makhleb.
             Killed from afar by a starcursed mass (18 damage)
             ... with an accursed screaming
             ... on level 2 of the Abyss on Nov 7, 2020.
             The game lasted 00:20:45 (13699 turns).

marklar909 the Destroyer (Grey Draconian Conjurer) Turns: 13699, Time: 00:20:46

Health: -9/80      AC: 21    Str: 12    XL:     10   Next: 59%
Magic:  11/19      EV: 15    Int: 15    God:    Makhleb [**....]
Gold:   518        SH:  0    Dex: 11    Spells: 8/21 levels left

rFire    + . .     SeeInvis .     - Unarmed
rCold    + . .     Gourm    .   (no shield)
rNeg     + . .     Faith    .   (armour unavailable)
rPois    .         Spirit   .   w - +2 hat of Yqotuobuon {Harm rElec rN+ Int-3}
rElec    +         Reflect  .   x - scarf {rC+ rF+}
rCorr    .         Harm     +   y - +1 pair of gloves
MR       .....                  e - +0 pair of boots
Stlth    +++.......             (no amulet)
HPRegen  0.23/turn              i - +4 ring of protection
MPRegen  0.16/turn              (no ring)

@: about to teleport, very slightly contaminated
A: walk through water, unfitting armour, unbreathing, cold-blooded, AC +12
a: Minor Destruction, Renounce Religion


You were on level 2 of the Abyss.
You worshipped Makhleb.
Makhleb was pleased with you.
You were very hungry.

You visited 2 branches of the dungeon, and saw 10 of its levels.
You visited the Abyss 1 time.

You collected 518 gold pieces.

Inventory:

Missiles
 d - 61 stones
 k - 43 poisoned darts (quivered)
Armour
 e - a +0 pair of boots (worn)
 w - the +2 hat of Yqotuobuon (worn) {Harm rElec rN+ Int-3}
   (You found it on level 4 of the Dungeon)

   It affects your intelligence (-3).
   It insulates you from electricity.
   It protects you from negative energy.
   It increases damage dealt and taken.
 x - a scarf of resistance (worn)
 y - a +1 pair of gloves (worn)
Jewellery
 i - a +4 ring of protection (left hand)
 u - a cursed amulet of inaccuracy {unknown}
 z - a +6 ring of intelligence {unknown}
 E - an uncursed amulet of magic regeneration {unknown}
 F - an uncursed amulet of regeneration {unknown}
Wands
 A - a wand of flame (43)
 B - a wand of paralysis (2)
 D - a wand of polymorph (6)
Scrolls
 c - 3 scrolls of teleportation
 g - 4 scrolls of identify
 l - 2 scrolls of remove curse
 q - 2 scrolls of enchant weapon
 t - a scroll of amnesia
 C - a scroll of magic mapping {unknown}
Potions
 a - a potion of haste
 f - 2 potions of curing
 h - a potion of might {unknown}
 j - a potion of resistance {unknown}
 m - a potion of degeneration {unknown}
 n - 2 potions of magic {unknown}
 o - 2 potions of brilliance {unknown}
 p - 2 potions of invisibility {unknown}
 r - 3 potions of lignification {unknown}
 s - a potion of ambrosia {unknown}
 v - a potion of stabbing {unknown}
 G - a potion of heal wounds {unknown}
Comestibles
 b - 13 rations


   Skills:
 * Level 4.6 Fighting
 + Level 3.2 Throwing
 * Level 6.4 Dodging
 + Level 5.2 Stealth
 * Level 5.3 Unarmed Combat
 + Level 6.2 Spellcasting
 + Level 8.0 Conjurations
 * Level 5.9 Invocations
 + Level 1.7 Evocations


You had 8 spell levels left.
You knew the following spells:

 Your Spells              Type           Power        Failure   Level  Hunger
a - Fulminant Prism       Conj/Hex       ###.......   28%         4    ####...
b - Searing Ray           Conj           ####..       1%          2    #......
c - Dazzling Flash        Conj/Hex       ###...       9%          3    ##.....
d - Iskenderun's Mystic   Conj/Tloc      ###.....     28%         4    ####...

Your spell library contained the following spells:

 Spells                   Type           Power        Failure   Level  Hunger
 Magic Dart               Conj           ####         1%          1    None


Dungeon Overview and Level Annotations

Branches:
Dungeon (9/15)             Temple (1/1) D:4
   Lair: D:8-11         Orc: D:9-12

Altars:
Ashenzari
Cheibriados
Dithmenos
Elyvilon
Fedhas
Gozag
Hepliaklqana
Kikubaaqudgha
Makhleb
Nemelex Xobeh
Okawaru
Qazlal
Ru
Sif Muna
Trog
Uskayaw
Vehumet
Wu Jian
Xom
Zin
The Shining One

Shops:
D:4 *   D:7 }

Annotations:
D:6 4 runed translucent doors
D:8 KrombopulosMichael's ghost, novice MiAK
D:9 Erolcha


Innate Abilities, Weirdness & Mutations

You can walk through water.
Your dull iron-grey scales are very hard. (AC +12)
You cannot fit into any form of body armour.
You can survive without breathing.
You are cold-blooded and may be slowed by cold attacks.


Message History

The starcursed mass is lightly damaged. (Press . to maintain the ray.) Unknown command.
Unknown command.
Casting: Searing Ray (safe; 1% risk of failure)
Confirm with . or Enter, or press ? or * to list all spells.
You don't know that spell.
Unknown command.
Casting: Searing Ray (safe; 1% risk of failure)
Confirm with . or Enter, or press ? or * to list all spells.
Okay, then.
Casting: Searing Ray (safe; 1% risk of failure)
Confirm with . or Enter, or press ? or * to list all spells.
You miscast Iskenderun's Mystic Blast.
You are very lightly contaminated with residual magic.
You are blasted with magical energy!
* * * LOW HITPOINT WARNING * * *
The starcursed mass misses you.
A starcursed mass splits.
A deafening chorus of shrieks assaults your mind!
You die...

... #. ##
.#####.#..##.#
........#...
......(##.
#..?...# .....#
##XX### # .
#XXX..#...
...####@X##...#.
.#.........# .#.
...........#
§#..#..#.#.§#
#.. #.##.....#
#. ... ###.##..
# ..#. ......
.##.# ...#. . .
.... .


You could see 6 starcursed masses.

Vanquished Creatures
  A dancing weapon (D:8)
  A two-headed ogre (D:8)
  Psyche (D:8)
  Maggie (D:7)
  A dire elephant skeleton (Abyss:1)
  3 hippogriffs
  A ynoxinul (Abyss:1)
  A steam dragon (D:8)
  Edmund (D:4)
  An orc warrior (D:9)
  3 ice beasts
  2 eyes of draining (D:5)
  A necrophage (D:6)
  5 ogres
  3 centaurs
  2 big kobolds
  3 bullfrogs
  4 scorpions
  A small abomination (Abyss:1)
  3 howler monkeys
  3 crimson imps
  A quasit (D:8)
  A centaur zombie (D:5)
  A hound (D:5)
  3 orc priests
  A jelly (D:6)
  A centaur skeleton (D:4)
  2 iguanas
  9 worker ants
  6 orc wizards
  A hound zombie (D:5)
  A hound skeleton (D:8)
  A worker ant zombie (D:5)
  4 adders
  2 howler monkey skeletons
  4 gnolls (D:8)
  2 shadow imps
  An ooze (D:1)
  3 adder skeletons (D:4)
  6 worms
  2 dart slugs
  11 leopard geckos
  26 orcs
  6 giant cockroaches
  6 goblins
  3 hobgoblins (D:1)
  9 jackals
  13 kobolds
  3 quokkas
  A ball python (D:3)
  6 bats
  7 frilled lizards
  A jackal zombie (D:6)
  4 rats
190 creatures vanquished.

Vanquished Creatures (others)
  A jackal (D:8)
  A quokka (D:5)
2 creatures vanquished.

Grand Total: 192 creatures vanquished

Notes
Turn   | Place    | Note
-------+----------+-------------------------------------------
     0 | D:1      | marklar909 the Draconian Conjurer began the quest for the
                  | Orb.
     0 | D:1      | Reached XP level 1. HP: 14/14 MP: 3/3
   310 | D:1      | Reached XP level 2. HP: 10/20 MP: 1/5
   669 | D:1      | Learned a level 2 spell: Searing Ray
  1344 | D:2      | Reached XP level 3. HP: 26/26 MP: 2/6
  2436 | D:3      | Reached skill level 5 in Conjurations
  2512 | D:3      | Reached XP level 4. HP: 33/33 MP: 1/7
  3644 | D:4      | Noticed an ogre
  3646 | D:4      | Reached XP level 5. HP: 38/38 MP: 1/9
  3713 | D:3      | Killed an ogre
  3713 | D:3      | Reached skill level 1 in Unarmed Combat
  3756 | D:3      | Reached XP level 6. HP: 6/45 MP: 1/11
  4162 | D:3      | HP: 2/45 [poisoned by a scorpion]
  4766 | D:4      | Found a staircase to the Ecumenical Temple.
  4819 | D:4      | Identified the +3 plate armour of Lugonu's Favour {rN+
                  | Regen+ Str-5}
  4819 | D:4      | Noticed Edmund
  4860 | D:4      | Killed Edmund
  4860 | D:4      | Reached skill level 6 in Conjurations
  4864 | D:4      | Got a scorched hat
  4878 | D:4      | Identified the +2 hat of Yqotuobuon {Harm rElec rN+ Int-3}
                  | (You found it on level 4 of the Dungeon)
  5000 | D:4      | Learned a level 3 spell: Dazzling Flash
  5012 | Temple   | Entered the Ecumenical Temple
  5142 | Temple   | Became a worshipper of Makhleb the Destroyer
  5285 | D:4      | Found a radiant altar of Vehumet.
  5325 | D:4      | Found a blossoming altar of Fedhas.
  5388 | D:4      | Your scales start taking on a dull iron-grey colour.
  5388 | D:4      | Reached XP level 7. HP: 51/51 MP: 10/13
  5388 | D:4      | Gained mutation: You can survive without breathing. [Grey
                  | Draconian growth]
  5459 | D:4      | Found Unli's Elemental Accessories.
  6037 | D:5      | Entered Level 5 of the Dungeon
  6802 | D:5      | Found a white marble altar of Elyvilon.
  6830 | D:5      | Reached skill level 1 in Invocations
  6944 | D:5      | Reached * piety under Makhleb
  7195 | D:5      | Reached skill level 5 in Spellcasting
  7195 | D:5      | Reached XP level 8. HP: 29/58 MP: 1/15
  7205 | D:5      | Reached skill level 7 in Conjurations
  7404 | D:5      | Found a bloodstained altar of Trog.
  7985 | D:6      | Found a large runed translucent door.
  7986 | D:6      | Found a large runed translucent door.
  8054 | D:6      | Found a large runed translucent door.
  8054 | D:6      | Found a large runed translucent door.
  8065 | D:6      | Reached skill level 1 in Fighting
  8065 | D:6      | Reached skill level 1 in Throwing
  8170 | D:6      | Noticed a hippogriff
  8177 | D:6      | Killed a hippogriff
  8639 | D:6      | Found a hazy altar of Hepliaklqana.
  8668 | D:6      | Found a shadowy altar of Dithmenos.
  8680 | D:6      | Reached XP level 9. HP: 60/67 MP: 9/17
  8828 | D:6      | Reached ** piety under Makhleb
  9578 | D:7      | Found Xoatoxir's Gadget Shoppe.
  9609 | D:7      | Noticed Maggie
  9621 | D:7      | Killed Maggie
  9760 | D:7      | Reached skill level 5 in Dodging
  9909 | D:7      | Reached skill level 1 in Evocations
  9947 | D:7      | Found a sparkling altar of Nemelex Xobeh.
 10043 | D:7      | Learned a level 4 spell: Fulminant Prism
 10048 | D:7      | Learned a level 4 spell: Iskenderun's Mystic Blast
 10274 | D:8      | Found a runed translucent door.
 10276 | D:8      | Found a shimmering altar of Xom.
 10276 | D:8      | Noticed a +0 rapier of chaos
 10276 | D:8      | Noticed KrombopulosMichael's ghost (novice MiAK)
 10319 | D:8      | Noticed Psyche
 10329 | D:8      | Killed Psyche
 10562 | D:8      | Reached skill level 5 in Invocations
 11023 | D:8      | Noticed a two-headed ogre
 11030 | D:8      | Killed a two-headed ogre
 11030 | D:8      | Reached XP level 10. HP: 78/78 MP: 7/18
 11206 | D:8      | Found a shimmering blue altar of Sif Muna.
 11604 | D:8      | Found a sacrificial altar of Ru.
 11701 | D:8      | Killed a +0 rapier of chaos
 11701 | D:8      | Reached skill level 5 in Unarmed Combat
 11793 | D:8      | HP: 1/79 [KrombopulosMichael's ghost (18)]
 13354 | D:9      | Noticed Erolcha
 13362 | D:9      | Cast into level 1 of the Abyss (Erolcha)
 13448 | Abyss:1  | Reached skill level 5 in Stealth
 13499 | Abyss:1  | Reached skill level 8 in Conjurations
 13627 | Abyss:1  | Noticed a smoke demon
 13631 | Abyss:1  | Noticed a thrashing horror
 13634 | Abyss:1  | Noticed a rakshasa
 13680 | Abyss:1  | Noticed a smoke demon
 13683 | Abyss:1  | Noticed an orange demon
 13690 | Abyss:2  | Noticed a starcursed mass
 13699 | Abyss:2  | Killed from afar by a starcursed mass

Illustrated notes

Levels and vault maps discovered:
D:1:      sevenhm_arrival_forest_fort_large_2, layout_basic
D:2:      layout_loops_ring
D:3:      layout_loops_ring
D:4:      layout_gridville, vehumet_crystals, fedhas_altar_4,
          minmay_temple_entry_sparse_star, nicolae_elemental_shop,
          minmay_misc_feat_x, minmay_lizard_king, uniq_edmund
D:5:      layout_loops_ring, elyvilon_altar_4, first_ration,
          minmay_misc_feat_ornament, trog_eyes_of_draining
D:6:      layout_basic, riverfiend_overflow_shadow_ancestor,
          minmay_hollow_rounded_squares
D:7:      layout_gridville, nemelex_xobeh_ov_fountains_minmay, serial_shops,
          nicolae_shop_statue_plus, uniq_maggie
D:8:      layout_loops_corners, lemuel_coloured_pillars_altar, led_sif_pool,
          ebering_ghost_xom, uniq_psyche
D:9:      layout_roguey, lemuel_zombie_altar_yredelemnul, minivault_27,
          uniq_erolcha
Temple:   dshaligram_water_room_temple
Abyss:2:  base:
D:15

Skill      XL: |  1  2  3  4  5  6  7  8  9 10 |
---------------+-------------------------------+-----
Stealth        | 2 3 4 5 |  5.2
Conjurations   | 5 6 7 8 |  8.0
Dodging        | 2 3 4 5 6 |  6.4
Spellcasting   | 3 4 5 6 |  6.2
Unarmed Combat | 1 3 4 5 |  5.3
Invocations    | 1 3 5 |  5.9
Fighting       | 2 3 4 |  4.6
Throwing       | 1 3 |  3.2
Evocations     | 1 |  1.7

Action                   |  1- 3 |  4- 6 |  7- 9 | 10-12 || total
-------------------------+-------+-------+-------+-------++-------
Melee: Unarmed           |    19 |    36 |    57 |    67 ||   179
       Tailslap          |     1 |     4 |    10 |     7 ||    22
       Punch             |       |       |     1 |     2 ||     3
Throw: Dart              |       |       |    33 |       ||    33
 Cast: Magic Dart        |    69 |    41 |    45 |       ||   155
       Searing Ray       |     2 |    25 |    68 |    41 ||   136
Evoke: Wand              |       |     1 |     6 |     7 ||    14
  Use: Scroll            |       |       |     8 |     4 ||    12
       Potion            |       |       |       |     2 ||     2
 Stab: Paralysed         |       |       |       |    17 ||    17
  Eat: Chunk             |     6 |     7 |    11 |     5 ||    29
       Ration            |       |     1 |     2 |     1 ||     4
Armor: Skin              |    10 |    30 |    83 |    51 ||   174
Dodge: Dodged            |    29 |    62 |   105 |    56 ||   252
